 Dungeon Crawl Stone Soup version 0.15-a0-1485-g692b94f (webtiles) character file.

53 YourComputer the Skirmisher (level 3, 0/20 HPs)
             Began as a Vine Stalker Berserker on June 11, 2014.
             Was a Believer of Trog.
             Succumbed to Crazy Yiuf's poison
             ... on Level 2 of the Dungeon on June 14, 2014.
             The game lasted 00:14:21 (1150 turns).

YourComputer the Skirmisher (VSBe)                  Turns: 1150, Time: 00:14:22

HP   0/20        AC  6     Str 20      XL: 3   Next: 89%
MP   0/4         EV  8     Int  7      God: Trog [**....]
Gold 52          SH  0     Dex 13      Spells:  0 memorised,  2 levels left

rFire  . . .     SeeInvis .     m - -2,-1 dagger (curse)
rCold  . . .     Clarity  .     o - +0 scale mail
rNeg   . . .     rCorr    .     (no shield)
rPois  .         rRot     +     (no helmet)
rElec  .         Spirit   +     (no cloak)
SustAb .         Warding  .     (no gloves)
rMut   .         Stasis   .     (no boots)
Gourm  .                        (no amulet)
MR     .....                    (no ring)
                                (no ring)

@: lethally poisoned, not resistant to hostile enchantments, extremely
unstealthy
A: fangs 2, regeneration 1, magic shield, antimagic bite, no device heal 3, rot
immunity
a: Burn Spellbooks, Berserk, Trog's Hand, Renounce Religion


You were on level 2 of the Dungeon.
You worshipped Trog.
Trog was pleased with you.
You were not hungry.

You visited 1 branch of the dungeon, and saw 2 of its levels.

You collected 52 gold pieces.


Innate Abilities, Weirdness & Mutations

You have extremely sharp teeth.
Your natural rate of healing is unusually fast.
When hurt, damage is shared between your health and your magic reserves.
Your bite disrupts and absorbs the magic of your enemies.
Potions and wands cannot restore your health.
You are immune to rotting.


   Skills:
 * Level 3.4 Fighting
 * Level 3.4 Short Blades
 - Level 1.5 Armour
 - Level 1.5 Dodging
 + Level 0.5 Shields


You had 2 spell levels left.
You didn't know any spells.

Dungeon Overview and Level Annotations

Branches:
Dungeon (2/15)

Altars:
The Shining One

Annotations:
D:2 Crazy Yiuf

Inventory:

Hand weapons
 a - a +0,+0 short sword
 m - a cursed -2,-1 dagger (weapon)
   (You took it off a goblin on level 2 of the Dungeon)
Armour
 b - a +0 animal skin
 k - a +2 buckler
   (You found it on level 2 of the Dungeon)
 o - a +0 scale mail (worn)
   (You found it on level 2 of the Dungeon)
Comestibles
 c - 4 bread rations {!e}
 d - 2 meat rations {!e}
Scrolls
 g - a scroll of enchant weapon I
 i - a scroll of fear
 j - a scroll of teleportation
Potions
 e - 2 potions of curing {unknown}
 f - a potion of degeneration {unknown}
 h - 2 potions of paralysis {unknown}
 n - a potion of restore abilities {unknown}

### #[# ..# #.#
#.# #.#
########.# #.#
# ###.#...##.#
#.#
..##..#.#.....#
#.#
....####......#
#.# ..###
##..#..###.####
#
#####...@....#
##########


There were no monsters in sight!


Message History

The bat is heavily wounded.
The bat closely misses you.
You closely miss the bat. You bite the bat. You drain its power.
You kill the bat!
Trog accepts your kill.
You hit the goblin.
The goblin is heavily wounded.
The goblin hits you but does no damage.
You hit the goblin.
You kill the goblin!
Trog accepts your kill.
You closely miss the kobold. The kobold hits you but does no damage.
You closely miss the kobold. You bite the kobold. You drain its power.
You kill the kobold!
Trog accepts your kill. The hobgoblin hits you.
You see here a bat corpse.
You hit the hobgoblin but do no damage.
The hobgoblin hits you but does no damage.
You hit the hobgoblin. You bite the hobgoblin. You drain its power.
You kill the hobgoblin!
Trog accepts your kill.
No target in view!
The bat corpse is consumed in a column of flame.
HP restored.
You see here a hobgoblin corpse.
The hobgoblin corpse is slowly consumed by flames.
You see here a stone.
You see here an adder corpse.
The adder corpse is consumed in a column of flame.
Found a leather armour.
Found a bread ration.
Found a meat ration.
c - 4 bread rations {!e} (gained 1)
d - 2 meat rations {!e} (gained 1)
You open the door.
There is an open door here.
A quokka comes into view.
You closely miss the quokka. The quokka bites you.
You hit the quokka.
The quokka is heavily wounded.
The quokka bites you.
You hit the quokka.
You kill the quokka!
Trog accepts your kill.
You see here a quokka corpse.
The quokka corpse is consumed in a column of flame.
HP restored.
Eating a chunk of quokka flesh {@*1}.
Found a stone staircase leading down.
Found a dyed leather armour.
You see here a dyed leather armour.
Found a hammer.
Crazy Yiuf the Enlightened comes into view.
He is wielding a quarterstaff of chaos.
Crazy Yiuf shouts!
Crazy Yiuf drinks a potion.
Crazy Yiuf flickers and vanishes!
Deactivating autopickup; reactivate with Ctrl-A.
Something hits you!
You are poisoned.
You feel sick.
You feel sick.
You feel sick.
You feel sick.
You feel sick.
You feel sick. Something hits you!
* * * LOW HITPOINT WARNING * * *
* * * LOW HITPOINT WARNING * * *
You feel sick.
You die...

Action                   || total
-------------------------++-------
Melee: Short sword       ||    73
       Dagger            ||    63
  Use: Scroll            ||     4

Vault maps used:
D:1:      matt_arrival_diagonals, kennysheep_another_room
D:2:      lemuel_crystal_altar, first_bread, uniq_crazy_yiuf_cottage

Notes
Turn   | Place    | Note
--------------------------------------------------------------
     0 | D:1      | YourComputer, the Vine Stalker Berserker, began the quest for the Orb.
     0 | D:1      | Reached XP level 1. HP: 11/11 MP: 1/1
    76 | D:1      | Reached skill level 3 in Short Blades
    76 | D:1      | Reached XP level 2. HP: 14/16 MP: 3/3
   416 | D:1      | Acquired Trog's second power
   484 | D:1      | Reached XP level 3. HP: 17/20 MP: 1/4
   664 | D:2      | Found a glowing golden altar of the Shining One.
   665 | D:2      | Upgraded the game from 0.15-a0-1439-g2e54579 to 0.15-a0-1485-g692b94f
  1132 | D:2      | Noticed Crazy Yiuf
  1147 | D:2      | HP: 1/20 [something (7)]
  1150 | D:2      | Succumbed to Crazy Yiuf's poison

Vanquished Creatures
  An adder (D:2)
  2 giant geckos (D:1)
  An ooze (D:1)
  3 bats
  9 goblins
  5 hobgoblins
  6 jackals
  5 kobolds
  2 quokkas (D:2)
  3 giant newts
  A rat (D:2)
38 creatures vanquished.
